AoeStats
← Ukt0h

Migration

509906446Analyzed
1v1 RM · 2d ago on Sep 28, 2026· 39m 31s· 2 players
Game mode
Random Map
Map size
132×132
Population
200
Speed
Normal
Resources
Standard
Victory
Conquest
Starting age
Dark Age
Ending age
Imperial Age
RankedLock teamsTeams togetherTeam positionsShared explorationLock speedFull tech treeHidden civsTurbo modeCheats
Victory
Defeat
🇹🇷 Turks · Türkiye
1037
+15
🇦🇷 Portuguese · Argentina
1024
-15
Ukt0h
11:36 Feudal Age
16:11 Castle Age
14:43 Forging
15:05 Gold Mining
15:01 Double-Bit Axe
19:33 Medium Warships
25:11 Imperial Age
25:19 Circumnavigation
26:09 Wheelbarrow
25:21 Loom
28:22 Chemistry
32:41 Ballistics
33:07 Fletching
İmraHor
13:06 Feudal Age
17:11 Castle Age
16:04 Loom
16:52 Horse Collar
20:48 Heavy Plow
20:34 Double-Bit Axe
24:00 Wheelbarrow
26:00 Bow Saw
30:06 Imperial Age
28:27 Forging
28:25 Scale Barding Armor
29:48 Hand Cart
32:00 Bloodlines
31:50 Husbandry
35:06 Chain Barding Armor
35:22 Iron Casting
Connection lost

Rejoining the realm…

Still unreachable

The connection could not be restored.

Session expired

The server has moved on; the page needs a fresh start.